 Dungeon Crawl Stone Soup version 0.30.1-3-gfc49f6343a (webtiles) character file.

Game seed: 8779935289136682929

12526 Peloso the Carver (level 11, -8/99 HPs)
             Began as a Minotaur Fighter on Aug 6, 2023.
             Was a High Priest of Okawaru.
             Mangled by Urug
             ... wielding a +3 eveningstar of freezing
              (12 damage)
             ... on level 2 of the Lair of Beasts.
             The game lasted 00:16:50 (10472 turns).

Peloso the Carver (Minotaur Fighter)               Turns: 10472, Time: 00:16:51

Health: -8/99      AC: 15    Str: 28    XL:     11   Next: 63%
Magic:  9/10       EV: 10    Int:  7    God:    Okawaru [*****.]
Gold:   587        SH: 12    Dex: 19    Spells: 10/10 levels left

rFire   . . .        a - +0 scimitar (flame)
rCold   . . .        d - +0 kite shield
rNeg    . . .        c - +0 chain mail
rPois   +            (helmet restricted)
rElec   .            F - +0 cloak
rCorr   .            (no gloves)
SInv    .            s - +0 pair of boots of Suoxter {+Blink rPois Int+2}
Will    .....        (no amulet) Stlth
                     y - +6 ring of strength
HPRegen 0.36/turn    h - +6 ring of dexterity
MPRegen 0.12/turn

%: no passive effects
@: no status effects
A: horns 2, retaliatory headbutt
a: Renounce Religion, Evoke Blink, Heroism, Finesse, Duel


You were on level 2 of the Lair of Beasts.
You worshipped Okawaru.
Okawaru was extremely pleased with you.
You visited 3 branches of the dungeon, and saw 13 of its levels.

You collected 614 gold pieces.
You spent 27 gold pieces at shops.

Inventory:

Hand Weapons
 a - a +0 scimitar of flaming (weapon)
 b - a +0 long sword
Armour
 c - a +0 chain mail (worn)
 d - a +0 kite shield (worn)
 s - the +0 pair of boots of Suoxter (worn) {+Blink rPois Int+2}
   (You found it on level 3 of the Dungeon)

   Int:       It affects your intelligence (+2).
   rPois:     It protects you from poison.
   +Blink:    It lets you blink.
 F - a +0 cloak (worn)
Jewellery
 f - a ring of flight
 h - a +6 ring of dexterity (right hand)
 i - a ring of wizardry
 q - an amulet of the acrobat
 r - a ring of ice
 y - a +6 ring of strength (left hand)
Wands
 v - a wand of flame (22)
 E - a wand of roots (9)
 L - a wand of mindburst (13)
 N - a wand of polymorph (4)
Scrolls
 g - a scroll of fog {unknown}
 l - 4 scrolls of teleportation
 o - a scroll of vulnerability {unknown}
 p - a scroll of fear {unknown}
 w - 2 scrolls of amnesia {unknown}
 x - 2 scrolls of enchant weapon {unknown}
 z - a scroll of blinking {unknown}
 D - 4 scrolls of enchant armour {unknown}
 G - 2 scrolls of magic mapping {unknown}
 I - 6 scrolls of identify
 O - a scroll of torment {unknown}
Potions
 e - 2 potions of brilliance
 j - a potion of haste
 k - a potion of might
 m - 2 potions of ambrosia
 n - 4 potions of lignification
 u - 4 potions of flight {unknown}
 A - 2 potions of cancellation {unknown}
 B - 2 potions of magic {unknown}
 C - 6 potions of curing {unknown}
 H - 2 potions of attraction {unknown}
 J - 3 potions of degeneration {unknown}
 K - a potion of berserk rage {unknown}
 M - a potion of mutation {unknown}


   Skills:
 + Level 10.1 Fighting
 + Level 13.7 Long Blades
 + Level 12.1 Armour
 + Level 3.7 Dodging
 + Level 1.2 Stealth
 + Level 9.2 Shields
 + Level 1.2 Invocations
 + Level 0.3 Evocations


You had 10 spell levels left.
You didn't know any spells.
Your spell library contained the following spells:

 Spells                   Type           Power      Damage    Failure   Level
 Apportation              Tloc           0%         N/A       94%         1
 Beastly Appendage        Tmut           0%         N/A       94%         1
 Necrotise                Necr           0%         1d4       94%         1
 Sting                    Tmut/Pois      0%         1d3       94%         1
 Poisonous Vapours        Pois/Air       0%         N/A       98%         2
 Wereblood                Tmut           0%         N/A       98%         2
 Ozocubu's Armour         Ice            0%         N/A       100%        3
 Spider Form              Tmut/Pois      0%         N/A       100%        3
 Leda's Liquefaction      Hex/Erth       0%         N/A       100%        4
 Olgreb's Toxic Radiance  Pois           0%         N/A       100%        4
 Blade Hands              Tmut           0%         N/A       100%        5
 Lee's Rapid Deconstruct  Erth           0%         3d4*      100%        5
 Iron Shot                Conj/Erth      0%         9d1       100%        6
 Statue Form              Tmut/Erth      0%         N/A       100%        6
 Ozocubu's Refrigeration  Ice            0%         4d7       100%        7
 Summon Small Mammal      Summ           Unusable   N/A       N/A         1
 Animate Armour           Summ/Erth      Unusable   N/A       N/A         4

Dungeon Overview and Level Annotations

Branches:
Dungeon (10/15)            Temple (1/1) D:6            Lair (2/5) D:10
  Swamp: Lair:2-3    Shoals: Lair:2-3     Snake: Lair:2-3    Spider: Lair:2-3
    Orc: D:9-12

Altars:
Ashenzari
Cheibriados
Dithmenos
Elyvilon
Fedhas
Gozag
Hepliaklqana
Kikubaaqudgha
Makhleb
Okawaru
Qazlal
Ru
Sif Muna
Trog
Uskayaw
Vehumet
Wu Jian
Xom
Zin
The Shining One

Shops:
D:6 (   D:9 =   D:10 *

Annotations:
Lair:2 Urug


Innate Abilities, Weirdness & Mutations

You have a pair of horns on your head.
You reflexively headbutt those who attack you in melee.


Message History

Urug barely misses you.
You slash Urug! You burn Urug.
Urug is severely wounded.
Urug hits you with a +3 eveningstar of freezing!
* * * LOW HITPOINT WARNING * * *
Urug freezes you.
* * * LOW HITPOINT WARNING * * *
You feel much better.
Urug hits you with a +3 eveningstar of freezing!
* * * LOW HITPOINT WARNING * * *
Urug freezes you.
* * * LOW HITPOINT WARNING * * *
You feel much better.
Urug hits you with a +3 eveningstar of freezing.
* * * LOW HITPOINT WARNING * * *
Urug freezes you.
* * * LOW HITPOINT WARNING * * *
You miss Urug.
Urug is severely wounded.
You block Urug's attack.
Unknown command.
You slash Urug! You burn Urug. Your headbutt misses Urug.
Urug is almost dead.
Unknown command.
You barely miss Urug.
Urug is almost dead.
Urug hits you with a +3 eveningstar of freezing!!
* * * LOW HITPOINT WARNING * * *
Urug freezes you.
* * * LOW HITPOINT WARNING * * *
Unknown command.
You feel much better.
You feel like a meek peon again. You block Urug's attack.
You hit Urug but do no damage. Your headbutt misses Urug.
Urug is almost dead.
Urug hits you with a +3 eveningstar of freezing!!
* * * LOW HITPOINT WARNING * * *
Urug freezes you!
You die...

..............#
#..#.P......$.##.
P........#.......
..........#....
............#.#
...>.....<....#.
#...#.#..........
#...P...#.#P.....
#......@..#......
.......o.....####
..[#......###.#
........### ##
.(..##### #...
#.. ..


You could see Urug.

Vanquished Creatures
  A two-headed ogre (D:10)
  Erica (D:8)
  A catoblepas (Lair:1)
  Amaemon (D:8)
  An orange demon (D:8)
  3 cane toads (Lair:1)
  A rime drake (D:10)
  3 komodo dragons (Lair:1)
  Prince Ribbit (D:8)
  Sigmund (D:6)
  A wraith (D:10)
  15 yaks (Lair:1)
  3 wyverns (D:9)
  2 steam dragons
  A basilisk (Lair:1)
  2 water moccasins
  9 ice beasts
  2 sky beasts
  An orc warrior (D:9)
  4 ogres
  3 black bears
  3 centaurs
  A phantom (D:7)
  3 wolves (D:10)
  A kobold brigand (D:10)
  6 bullfrogs
  2 gnoll sergeants (D:8)
  A scorpion (D:5)
  A wight (D:10)
  5 killer bees (D:9)
  6 howler monkeys
  A crimson imp (D:9)
  3 hounds
  A jelly (D:6)
  4 orc priests
  An iron imp (D:8)
  A gnoll bouda (D:10)
  Terence (D:2)
  4 orc wizards
  3 iguanas
  21 gnolls
  12 adders
  A shadow imp (D:5)
  4 white imps
  An ufetubus (D:7)
  2 worms
  2 dart slugs
  26 orcs
  3 endoplasms
  2 giant cockroaches
  5 goblins
  6 hobgoblins
  9 jackals
  A quokka (D:1)
  2 ball pythons
  4 bats
  A frilled lizard (D:1)
  11 kobolds
  4 rats
222 creatures vanquished.

Notes
Turn   | Place    | Note
-------+----------+-------------------------------------------
     0 | D:1      | Peloso the Minotaur Fighter began the quest for the Orb.
     0 | D:1      | Reached XP level 1. HP: 19/19 MP: 0/0
   161 | D:1      | Reached XP level 2. HP: 27/27 MP: 1/1
   472 | D:1      | Found a faded altar of an unknown god.
   634 | D:2      | Reached XP level 3. HP: 33/33 MP: 2/2
   659 | D:2      | Noticed Terence
   667 | D:2      | Killed Terence
   668 | D:2      | Reached skill level 3 in Long Blades
   916 | D:2      | Reached XP level 4. HP: 37/40 MP: 3/3
   989 | D:3      | Identified the +5 battleaxe of the Omega Point {pain, rF+
                  | rN+ Dex+2 SInv}
  1090 | D:3      | Identified the +0 pair of boots of Suoxter {+Blink rPois
                  | Int+2}
  1818 | D:4      | Reached skill level 5 in Armour
  1818 | D:4      | Reached XP level 5. HP: 39/47 MP: 4/4
  1864 | D:4      | You are sucked into a shaft and drop 2 floors!
  1864 | D:6      | Found Rypn's Weapon Emporium.
  1865 | D:6      | Noticed an ice beast
  1880 | D:6      | Killed an ice beast
  1881 | D:6      | Reached skill level 4 in Long Blades
  1978 | D:6      | Reached skill level 5 in Long Blades
  1978 | D:6      | Reached XP level 6. HP: 45/55 MP: 5/5
  2072 | D:6      | Found a broken altar of Ashenzari.
  2072 | D:6      | Found a hazy altar of Hepliaklqana.
  2077 | D:6      | Found a shadowy altar of Dithmenos.
  2151 | D:5      | Entered Level 5 of the Dungeon
  2189 | D:5      | Reached skill level 5 in Fighting
  3112 | D:5      | Reached skill level 1 in Dodging
  3131 | D:5      | Reached skill level 6 in Long Blades
  3131 | D:5      | Reached XP level 7. HP: 42/61 MP: 6/6
  3344 | D:5      | Reached skill level 5 in Shields
  3349 | D:5      | Reached skill level 7 in Long Blades
  4086 | D:6      | Found a staircase to the Ecumenical Temple.
  4097 | Temple   | Entered the Ecumenical Temple
  4314 | Temple   | Became a worshipper of Warmaster Okawaru
  4448 | D:6      | Noticed Sigmund
  4459 | D:6      | Reached XP level 8. HP: 70/70 MP: 7/7
  4489 | D:6      | Killed Sigmund
  4716 | D:7      | Found a blossoming altar of Fedhas.
  4826 | D:7      | Reached skill level 8 in Long Blades
  4907 | D:7      | Found a hide-covered altar of Uskayaw.
  4920 | D:7      | Reached * piety under Okawaru
  4921 | D:7      | Reached skill level 1 in Stealth
  5072 | D:7      | Reached skill level 9 in Long Blades
  5096 | D:7      | Reached XP level 9. HP: 77/78 MP: 8/8
  5206 | D:8      | Noticed Prince Ribbit
  5226 | D:8      | Noticed Erica
  5260 | D:8      | Killed Erica
  5260 | D:8      | Reached ** piety under Okawaru
  5262 | D:8      | Killed Prince Ribbit
  5263 | D:8      | Reached skill level 10 in Long Blades
  5571 | D:8      | Found a transporter.
  5589 | D:8      | Found a transporter.
  5589 | D:8      | Found a transporter.
  5591 | D:8      | Found a transporter.
  5946 | D:8      | Found a snail-covered altar of Cheibriados.
  6020 | D:8      | Noticed Amaemon
  6028 | D:8      | Noticed an orange demon
  6130 | D:8      | Killed Amaemon
  6130 | D:8      | Reached *** piety under Okawaru
  6136 | D:8      | Killed an orange demon
  6137 | D:8      | Reached skill level 10 in Armour
  6137 | D:8      | Reached XP level 10. HP: 87/88 MP: 7/9
  6936 | D:9      | Reached skill level 11 in Long Blades
  7090 | D:9      | Found Kienoll's Jewellery Shop.
  7177 | D:9      | Identified the +3 leather armour "Lif Xuga" {rElec Regen+}
  7502 | D:9      | Reached **** piety under Okawaru
  7720 | D:9      | Found a burning altar of Makhleb.
  7721 | D:9      | Found a radiant altar of Vehumet.
  7915 | D:10     | Entered Level 10 of the Dungeon
  7936 | D:10     | Noticed a two-headed ogre
  7947 | D:10     | Killed a two-headed ogre
  8114 | D:10     | Reached skill level 1 in Invocations
  8147 | D:10     | Found a staircase to the Lair.
  8671 | D:10     | Reached skill level 12 in Long Blades
  8671 | D:10     | Reached XP level 11. HP: 95/97 MP: 10/10
  8907 | D:10     | Found Ereuz's Assorted Antiques.
  8916 | D:10     | Bought a grey potion for 27 gold pieces
  8986 | Lair:1   | Entered Level 1 of the Lair of Beasts
  9174 | Lair:1   | Reached ***** piety under Okawaru
  9229 | Lair:1   | HP: 4/99 [yak (4)]
  9484 | Lair:1   | Reached skill level 13 in Long Blades
  9686 | Lair:1   | Received a gift from Okawaru
  9834 | Lair:1   | Noticed a catoblepas
 10139 | Lair:1   | Reached skill level 10 in Fighting
 10428 | Lair:1   | Killed a catoblepas
 10454 | Lair:2   | Noticed Urug
 10470 | Lair:2   | HP: 3/99 [Urug/+3 eveningstar of freezing (3)]
 10472 | Lair:2   | Mangled by Urug

Illustrated notes

Levels and vault maps discovered:
D:1:      minmay_arrival_arboretum_small, layout_basic,
          hellmonk_ecumenical_altar_leap_of_faith, grunt_decor_cap
D:2:      layout_rooms, uniq_terence
D:3:      layout_basic
D:4:      layout_cave_pods
D:5:      layout_basic
D:6:      layout_rooms, grunt_temple_overflow_open,
          minmay_temple_entry_statues_fountains, minmay_shop_grid_forest,
          nicolae_half_adder, uniq_sigmund
D:7:      layout_cave_pools, fedhas_altar_1,
          nicolae_uskayaw_murder_on_the_dancefloor
D:8:      layout_basic, chei_slow_surprise, nicolae_diode_intersection,
          uniq_amaemon, uniq_erica, uniq_prince_ribbit1
D:9:      layout_grid_maze, grunt_temple_overflow_lords_of_destruction,
          serial_shops, shop, dreamdust_wishing_well, minivault_24
D:10:     cheibrodos_elevator_heist, layout_irregular_city,
          hellmonk_lair_entry_icy, serial_shops, nicolae_lakefront_shop,
          skrybe_limestone_x, minmay_between
Temple:   minmay_temple_curvy_branch
Lair:1:   layout_regular_city, grunt_megastairs_1
Lair:2:   layout_misc_corridors, minmay_swamp_entry_swarm,
          guppyfry_snake_entry_garden, grunt_megastairs_2, uniq_urug

Skill      XL: |  1  2  3  4  5  6  7  8  9 10 11 |
---------------+----------------------------------+-----
Armour         | 4 5 6 7 10 11 12 | 12.1
Shields        | 4 5 6 7 8 9 |  9.2
Fighting       | 4 5 6 8 9 10 | 10.1
Long Blades    | 3 5 6 7 9 10 12 13 | 13.7
Dodging        | 1 2 3 |  3.7
Stealth        | 1 |  1.2
Invocations    | 1 |  1.2
Evocations     | |  0.3

Action                     |  1- 3 |  4- 6 |  7- 9 | 10-12 || total
---------------------------+-------+-------+-------+-------++-------
  Melee: Long sword        |    73 |   118 |   143 |       ||   334
         Headbutt          |    13 |    17 |    41 |    69 ||   140
         Scimitar          |       |       |    64 |   297 ||   361
 Invoke: Heroism           |       |       |     2 |     5 ||     7
  Evoke: Wand              |       |       |     1 |       ||     1
    Use: Scroll            |       |       |     6 |       ||     6
         Potion            |       |       |     2 |     4 ||     6
 Armour: Scale mail        |    12 |       |       |       ||    12
         Chain mail        |    16 |    69 |   119 |    93 ||   297
  Dodge: Dodged            |    21 |    54 |    87 |    85 ||   247
  Block: Buckler           |    17 |    38 |    64 |       ||   119
         Kite shield       |       |       |    20 |   160 ||   180
